[Event "ICC Open 2015"]
[Site "Internet Chess Club"]
[Date "2015.05.30"]
[Round "1"]
[White "LordKinbote"]
[Black "Ancient"]
[Result "0-1"]
[ICCResult "White resigns"]
[WhiteElo "1399"]
[BlackElo "2094"]
[Opening "French: MacCutcheon, Chigorin variation"]
[ECO "C12"]
[NIC "FR.05"]
[Time "14:03:42"]
[TimeControl "180+0"]

1. e4 e6 2. d4 d5 3. Nc3 Nf6 4. Bg5 Bb4 5. e5 h6 6. exf6 hxg5 7. fxg7 Rg8 8.
Nf3 Rxg7 9. Be2 Nc6 10. Qd2 Bd7 11. a3 Bd6 12. h3 Qe7 13. O-O-O Bf4
{White resigns}
0-1

[Event "ICC Open 2015"]
[Site "Internet Chess Club"]
[Date "2015.05.30"]
[Round "1"]
[White "Womacka"]
[Black "spanner63"]
[Result "1-0"]
[ICCResult "Black resigns"]
[WhiteElo "2445"]
[BlackElo "1707"]
[Opening "Ruy Lopez: classical defense, 4.c3"]
[ECO "C64"]
[NIC "RL.01"]
[Time "14:04:00"]
[TimeControl "180+0"]

1. e4 e5 2. Nf3 Nc6 3. Bb5 Bc5 4. c3 Qf6 5. O-O Nge7 6. Re1 h6 7. d4 Bb6 8.
Na3 O-O 9. Nc4 Ng6 10. Bxc6 dxc6 11. Nfxe5 {Black resigns} 1-0

[Event "ICC Open 2015"]
[Site "Internet Chess Club"]
[Date "2015.05.30"]
[Round "1"]
[White "thebelg"]
[Black "RaHrAhRaHeHs"]
[Result "0-1"]
[ICCResult "White checkmated"]
[WhiteElo "1626"]
[BlackElo "2331"]
[Opening "Sicilian defense"]
[ECO "B40"]
[NIC "SI.43"]
[Time "14:04:09"]
[TimeControl "180+0"]

1. e4 c5 2. Nf3 e6 3. Nc3 a6 4. a4 Qc7 5. Bc4 Nf6 6. d3 Nc6 7. O-O h5 8. Bg5
Ng4 9. h3 Nd4 10. Nxd4 Qh2# {White checkmated} 0-1

[Event "ICC Open 2015"]
[Site "Internet Chess Club"]
[Date "2015.05.30"]
[Round "1"]
[White "aplusk"]
[Black "Colombiano07"]
[Result "1-0"]
[ICCResult "Black resigns"]
[WhiteElo "2868"]
[BlackElo "1855"]
[Opening "Trompowsky attack (Ruth, Opocenský opening)"]
[ECO "A45"]
[NIC "QP.07"]
[Time "14:04:24"]
[TimeControl "180+0"]

1. d4 Nf6 2. Bg5 g6 3. Bxf6 exf6 4. e3 Bg7 5. g3 f5 6. Bg2 h5 7. Ne2 h4 8.
Nd2 hxg3 9. hxg3 Rxh1+ 10. Bxh1 d6 11. c3 Nc6 12. Qb3 Qe7 13. O-O-O Kf8 14.
Nf4 Bd7 15. Qxb7 Rb8 16. Qxc7 Bf6 17. Bxc6 {Black resigns} 1-0

[Event "ICC Open 2015"]
[Site "Internet Chess Club"]
[Date "2015.05.30"]
[Round "1"]
[White "fyook"]
[Black "yaguaro"]
[Result "0-1"]
[ICCResult "White resigns"]
[WhiteElo "1164"]
[BlackElo "1990"]
[Opening "Sicilian: Nimzovich-Rubinstein variation"]
[ECO "B29"]
[NIC "SI.43"]
[Time "14:05:05"]
[TimeControl "180+0"]

1. e4 c5 2. Nf3 Nf6 3. e5 Nd5 4. d4 cxd4 5. Nxd4 Nc6 6. Nf3 Nc7 7. Bd3 g6 8.
O-O Bg7 9. Re1 O-O 10. Bf4 Ne6 11. c4 Nxf4 {White resigns} 0-1

[Event "ICC Open 2015"]
[Site "Internet Chess Club"]
[Date "2015.05.30"]
[Round "1"]
[White "MTurov"]
[Black "Much-Acclaimed"]
[Result "1-0"]
[ICCResult "Black resigns"]
[WhiteElo "3053"]
[BlackElo "1947"]
[Opening "English: Nimzo-English opening"]
[ECO "A17"]
[NIC "EO.59"]
[Time "14:03:42"]
[TimeControl "180+0"]

1. c4 Nf6 2. Nc3 e6 3. Nf3 Bb4 4. g4 Bxc3 5. dxc3 O-O 6. g5 Ne8 7. h4 d5 8.
h5 Nc6 9. g6 fxg6 10. hxg6 h6 11. Bg2 Nf6 12. Qc2 e5 13. cxd5 Nxd5 14. Bd2
Nf4 15. O-O-O Nxg2 16. Qb3+ Kh8 17. Bxh6 gxh6 18. Rxd8 Rxd8 19. Qf7
{Black resigns}
1-0

[Event "ICC Open 2015"]
[Site "Internet Chess Club"]
[Date "2015.05.30"]
[Round "1"]
[White "Andrei21"]
[Black "PraPad"]
[Result "1-0"]
[ICCResult "Black checkmated"]
[WhiteElo "2926"]
[BlackElo "1905"]
[Opening "Queen's pawn game"]
[ECO "A46"]
[NIC "QP.06"]
[Time "14:04:18"]
[TimeControl "180+0"]

1. d4 Nf6 2. Nf3 e6 3. g3 c5 4. Bg2 Be7 5. O-O O-O 6. dxc5 Bxc5 7. c4 Nc6 8.
a3 b6 9. b4 Be7 10. Bb2 Bb7 11. Nbd2 d5 12. Rc1 Rc8 13. Qb3 Ne4 14. Rfd1 Bf6
15. Nxe4 dxe4 16. Rxd8 Bxd8 17. Ne5 Nxe5 18. Bxe5 b5 19. c5 Bd5 20. Qe3 f6
21. Bd6 Rf7 22. Bxe4 Bc4 23. Bd3 Rd7 24. Bxc4 bxc4 25. Qxe6+ Rf7 26. Qe8+
Rf8 27. Qxf8# {Black checkmated} 1-0

[Event "ICC Open 2015"]
[Site "Internet Chess Club"]
[Date "2015.05.30"]
[Round "1"]
[White "saya"]
[Black "PerMag"]
[Result "1-0"]
[ICCResult "Black resigns"]
[WhiteElo "2528"]
[BlackElo "1726"]
[Opening "Queen's bishop game"]
[ECO "D02"]
[NIC "QP.08"]
[Time "14:04:23"]
[TimeControl "180+0"]

1. d4 d5 2. Nf3 Nf6 3. Bf4 c6 4. e3 Bf5 5. c4 Nbd7 6. Nc3 e6 7. Qb3 Qb6 8.
c5 Qxb3 9. axb3 a6 10. b4 Be7 11. b5 O-O 12. bxa6 bxa6 13. b4 Rfb8 14. Bxb8
Rxb8 15. Ra4 {Black resigns} 1-0

[Event "ICC Open 2015"]
[Site "Internet Chess Club"]
[Date "2015.05.30"]
[Round "1"]
[White "fearlessone"]
[Black "want2win"]
[Result "0-1"]
[ICCResult "White checkmated"]
[WhiteElo "1672"]
[BlackElo "2417"]
[Opening "Van't Kruijs opening"]
[ECO "A00"]
[Time "14:03:58"]
[TimeControl "180+0"]

1. e3 Nf6 2. Ne2 g6 3. d3 Bg7 4. Nd2 O-O 5. g3 d5 6. Bg2 c5 7. O-O Nc6 8. a3
e5 9. Rb1 Qe7 10. b3 Be6 11. Bb2 h6 12. Nf3 Nd7 13. Re1 e4 14. dxe4 dxe4 15.
Nd2 f5 16. Bxg7 Qxg7 17. Nf4 Bf7 18. Qe2 Nde5 19. h4 g5 20. hxg5 hxg5 21.
Nh3 Rad8 22. Nc4 Bxc4 23. bxc4 g4 24. Nf4 b6 25. Ne6 Qf7 26. Nxd8 Rxd8 27.
Rbd1 Re8 28. Rd6 Na5 29. Red1 Naxc4 30. Rd7 Nxd7 31. Rxd7 Qxd7 32. Qxc4+ Qe6
33. Qxe6+ Rxe6 34. Bf1 Rd6 35. Bc4+ Kg7 36. a4 Rd2 37. Bb3 c4 38. Bxc4 Rxc2
39. Bb5 Ra2 40. Bd7 Kf6 41. Bc8 Rxa4 42. Bd7 Ra1+ 43. Kg2 a5 44. Bb5 a4 45.
Bc4 a3 46. Bb3 a2 47. Bxa2 Rxa2 48. Kg1 b5 49. Kh1 b4 50. Kg2 b3 51. Kh1 b2
52. Kg2 b1=Q 53. Kh2 Rxf2# {White checkmated} 0-1

[Event "ICC Open 2015"]
[Site "Internet Chess Club"]
[Date "2015.05.30"]
[Round "1"]
[White "DarkThrone"]
[Black "geom"]
[Result "1-0"]
[ICCResult "Black resigns"]
[WhiteElo "2407"]
[BlackElo "1698"]
[Opening "QGD Slav defense"]
[ECO "D10"]
[NIC "SL.01"]
[Time "14:05:09"]
[TimeControl "180+0"]

1. d4 d5 2. c4 c6 3. Nc3 Nf6 4. e3 Bf5 5. cxd5 cxd5 6. Qb3 Qb6 7. Nxd5 Nxd5
8. Qxd5 e6 9. Bb5+ Nc6 10. Qb3 Bb4+ 11. Qxb4 a6 12. Bxc6+ Qxc6 13. Nf3 Rc8
14. Bd2 Kd7 15. O-O {Black resigns} 1-0

[Event "ICC Open 2015"]
[Site "Internet Chess Club"]
[Date "2015.05.30"]
[Round "1"]
[White "Sibelephant"]
[Black "waynerooney"]
[Result "1-0"]
[ICCResult "Black checkmated"]
[WhiteElo "3178"]
[BlackElo "1968"]
[Opening "Catalan: closed, 7.Qc2"]
[ECO "E08"]
[NIC "CA.04"]
[Time "14:04:40"]
[TimeControl "180+0"]

1. d4 Nf6 2. Nf3 d5 3. c4 e6 4. g3 Be7 5. Bg2 O-O 6. Qc2 Nbd7 7. O-O c5 8.
dxc5 Nxc5 9. Rd1 Bd7 10. Nc3 dxc4 11. Ne5 Qc7 12. Bf4 Nh5 13. Nxd7 Nxf4 14.
Nxf8 Nxg2 15. Qxh7+ Kxf8 16. Qh8# {Black checkmated} 1-0

[Event "ICC Open 2015"]
[Site "Internet Chess Club"]
[Date "2015.05.30"]
[Round "1"]
[White "Aladdin"]
[Black "born2die"]
[Result "1-0"]
[ICCResult "Black resigns"]
[WhiteElo "2393"]
[BlackElo "1666"]
[Opening "Scandinavian (center counter) defense"]
[ECO "B01"]
[NIC "SD.01"]
[Time "14:03:46"]
[TimeControl "180+0"]

1. e4 d5 2. exd5 Qxd5 3. Nc3 Qa5 4. Bc4 Nf6 5. Nge2 Bg4 6. f3 Bh5 7. d4 e6
8. O-O c6 9. Ng3 Bg6 10. f4 Be7 11. f5 exf5 12. Re1 Qc7 13. Qe2 Na6 14. Bf4
Qd7 15. Rad1 Nb4 16. d5 Nbxd5 17. Nxd5 cxd5 18. Bb5 {Black resigns} 1-0

[Event "ICC Open 2015"]
[Site "Internet Chess Club"]
[Date "2015.05.30"]
[Round "1"]
[White "vasek"]
[Black "Chaos23"]
[Result "0-1"]
[ICCResult "White resigns"]
[WhiteElo "1249"]
[BlackElo "2028"]
[Opening "Ruy Lopez: closed, Flohr-Zaitsev system (Lenzerheide variation)"]
[ECO "C92"]
[NIC "RL.26"]
[Time "14:03:50"]
[TimeControl "180+0"]

1. e4 e5 2. Nf3 Nc6 3. Bb5 a6 4. Ba4 Nf6 5. O-O Be7 6. Re1 b5 7. Bb3 d6 8.
c3 O-O 9. h3 Bb7 10. d4 Re8 11. Ng5 Rf8 12. Nf3 exd4 13. cxd4 h6 14. Nc3 Re8
15. Bf4 Bf8 16. Bc2 Qd7 17. a3 g6 18. Qd2 Kh7 19. Rac1 Bg7 20. Bb1 Na5 21.
Qc2 c5 22. dxc5 dxc5 23. e5 Nh5 24. Bh2 Bxf3 25. gxf3 Qxh3 26. b4 cxb4 27.
axb4 Nc4 28. Qe4 Nd2 {White resigns} 0-1

[Event "ICC Open 2015"]
[Site "Internet Chess Club"]
[Date "2015.05.30"]
[Round "1"]
[White "Psycho-Cowboy"]
[Black "Nightlife"]
[Result "1-0"]
[ICCResult "Black resigns"]
[WhiteElo "2430"]
[BlackElo "1702"]
[Opening "QGD: exchange variation"]
[ECO "D35"]
[NIC "TD.08"]
[Time "14:03:48"]
[TimeControl "180+0"]

1. c4 e6 2. Nc3 d5 3. d4 Nf6 4. cxd5 Nxd5 5. e4 Nxc3 6. bxc3 c5 7. Nf3 cxd4
8. cxd4 Bb4+ 9. Bd2 Bxd2+ 10. Qxd2 O-O 11. Be2 b6 12. O-O Bb7 13. Qf4 Nd7
14. Rfd1 Nf6 15. Bd3 Rc8 16. d5 exd5 17. e5 Nh5 18. Qd2 g6 19. Qh6 Ng7 20.
Ng5 {Black resigns} 1-0

[Event "ICC Open 2015"]
[Site "Internet Chess Club"]
[Date "2015.05.30"]
[Round "1"]
[White "Tasmaniandevil"]
[Black "a-man"]
[Result "0-1"]
[ICCResult "White resigns"]
[WhiteElo "2084"]
[BlackElo "1485"]
[Opening "Center game: Berger variation"]
[ECO "C22"]
[NIC "KP.04"]
[Time "14:04:45"]
[TimeControl "180+0"]

1. e4 e5 2. d4 exd4 3. Qxd4 Nc6 4. Qe3 Nf6 5. Nc3 Bc5 6. Bd2 Bxe3 7. Bxe3
O-O 8. O-O-O Re8 9. f3 d5 10. Bb5 Qe7 11. Nge2 dxe4 12. f4 a6 13. Bc4 b5 14.
Bb3 Rb8 15. h3 a5 16. a4 bxa4 17. Nxa4 Bd7 18. g4 Nd8 19. Nc5 Ne6 20. g5
Nxc5 21. gxf6 Nxb3+ 22. cxb3 Qxf6 23. Rxd7 Qc6+ {White resigns} 0-1

[Event "ICC Open 2015"]
[Site "Internet Chess Club"]
[Date "2015.05.30"]
[Round "1"]
[White "BigCol"]
[Black "garompon"]
[Result "0-1"]
[ICCResult "White resigns"]
[WhiteElo "1753"]
[BlackElo "2555"]
[Opening "Queen's pawn"]
[ECO "A40"]
[NIC "QP.05"]
[Time "14:05:13"]
[TimeControl "180+0"]

1. d4 e6 2. Nf3 Nf6 3. Bf4 b6 4. e3 Bb7 5. h3 c5 6. Nbd2 Be7 7. Bd3 O-O 8.
c3 Nc6 9. O-O d6 10. Re1 Qc7 11. Rc1 e5 12. dxe5 dxe5 13. Bg3 Rad8 14. Bb1
b5 15. Qc2 g6 16. Rcd1 a6 17. Ne4 Nxe4 18. Qxe4 Nd4 19. Qg4 f5 {White
resigns} 0-1

[Event "ICC Open 2015"]
[Site "Internet Chess Club"]
[Date "2015.05.30"]
[Round "1"]
[White "vjibab"]
[Black "Pikaso"]
[Result "0-1"]
[ICCResult "White checkmated"]
[WhiteElo "1839"]
[BlackElo "2844"]
[Opening "Caro-Kann defense"]
[ECO "B10"]
[NIC "CK.01"]
[Time "14:04:33"]
[TimeControl "180+0"]

1. e4 c6 2. Nf3 d5 3. exd5 cxd5 4. d4 Nc6 5. Be2 Bg4 6. O-O e6 7. c3 Bd6 8.
b3 Nf6 9. h3 Bf5 10. Bb2 O-O 11. Nbd2 h6 12. Re1 Qc7 13. Nf1 Ne4 14. Rc1
Rad8 15. a4 Bf4 16. Ra1 Kh8 17. Ne3 Bxh3 18. gxh3 Bxe3 19. fxe3 Qg3+ 20. Kh1
Nf2# {White checkmated} 0-1

[Event "ICC Open 2015"]
[Site "Internet Chess Club"]
[Date "2015.05.30"]
[Round "1"]
[White "Jospa"]
[Black "Agilemaster"]
[Result "0-1"]
[ICCResult "White resigns"]
[WhiteElo "1198"]
[BlackElo "2024"]
[Opening "Giuoco Piano"]
[ECO "C50"]
[NIC "IG.02"]
[Time "14:04:00"]
[TimeControl "180+0"]

1. e4 e5 2. Nf3 Nc6 3. Bc4 Bc5 4. Nc3 d6 5. O-O Nf6 6. d3 h6 7. Nd5 Bg4 8.
a3 Nd4 9. Be3 Nxf3+ 10. gxf3 Bh3 11. Bxc5 Nxd5 12. exd5 Qg5+ {White resigns}
0-1

[Event "ICC Open 2015"]
[Site "Internet Chess Club"]
[Date "2015.05.30"]
[Round "1"]
[White "Lzmann"]
[Black "kurumania"]
[Result "0-1"]
[ICCResult "White resigns"]
[WhiteElo "1829"]
[BlackElo "2778"]
[Opening "Benoni: pawn storm variation"]
[ECO "A66"]
[NIC "BI.38"]
[Time "14:04:23"]
[TimeControl "180+0"]

1. d4 Nf6 2. c4 c5 3. d5 e6 4. Nc3 exd5 5. cxd5 d6 6. e4 g6 7. f4 Bg7 8. Bd3
O-O 9. Nge2 b5 10. Nxb5 Re8 11. Nbc3 c4 12. Bc2 Na6 13. O-O Nb4 14. f5 Qb6+
15. Kh1 Ng4 16. Na4 Nf2+ 17. Rxf2 Qxf2 18. Bg5 Nxc2 19. Qxc2 Bxf5 20. Ng3
Qxc2 {White resigns} 0-1

[Event "ICC Open 2015"]
[Site "Internet Chess Club"]
[Date "2015.05.30"]
[Round "1"]
[White "RLH2"]
[Black "BlueGoose"]
[Result "1-0"]
[ICCResult "Black resigns"]
[WhiteElo "2831"]
[BlackElo "1834"]
[Opening "Nimzovich-Larsen attack"]
[ECO "A01"]
[NIC "VO.08"]
[Time "14:05:16"]
[TimeControl "180+0"]

1. b3 e6 2. Bb2 f5 3. Nf3 Nf6 4. d4 d5 5. e3 Bd6 6. Bd3 O-O 7. O-O c5 8. c4
Nc6 9. cxd5 exd5 10. dxc5 Bxc5 11. Nc3 h6 12. Rc1 Bb6 13. Na4 Bc7 14. g3 Be6
15. Nc5 Qd6 16. Nxb7 Qe7 17. Rxc6 {Black resigns} 1-0

[Event "ICC Open 2015"]
[Site "Internet Chess Club"]
[Date "2015.05.30"]
[Round "1"]
[White "QuieroAprender"]
[Black "gauss"]
[Result "0-1"]
[ICCResult "White checkmated"]
[WhiteElo "1350"]
[BlackElo "2065"]
[Opening "Sicilian: Najdorf, Byrne (English) attack"]
[ECO "B90"]
[NIC "SI.14"]
[Time "14:03:57"]
[TimeControl "180+0"]

1. e4 c5 2. Nf3 d6 3. d4 cxd4 4. Nxd4 Nf6 5. Nc3 a6 6. Be3 e5 7. Nde2 Be7 8.
Ng3 g6 9. f3 h5 10. Bd3 h4 11. Nge2 Be6 12. Qd2 Nbd7 13. a3 Rc8 14. O-O-O b5
15. Kb1 Nb6 16. Bxb6 Qxb6 17. Rhf1 Rb8 18. f4 b4 19. axb4 Qxb4 20. b3 Qa3
21. Nd5 Nxd5 22. exd5 Bxd5 23. Qc1 Qa5 24. fxe5 Bxb3 25. Qb2 Ba2+ 26. Ka1
Rxb2 27. Kxb2 dxe5 28. Ra1 Qa3# {White checkmated} 0-1

[Event "ICC Open 2015"]
[Site "Internet Chess Club"]
[Date "2015.05.30"]
[Round "1"]
[White "gannikus1992"]
[Black "jewels2"]
[Result "1-0"]
[ICCResult "Black resigns"]
[WhiteElo "1997"]
[BlackElo "1327"]
[Opening "Two knights defense (Modern bishop's opening)"]
[ECO "C55"]
[NIC "IG.01"]
[Time "14:04:50"]
[TimeControl "180+0"]

1. e4 e5 2. Nf3 Nc6 3. Bc4 Nf6 4. d3 Be7 5. Nc3 d6 6. Bg5 a6 7. h3 b5 8. Bb3
Na5 9. Bxf6 Bxf6 10. a4 Nxb3 11. cxb3 b4 12. Nd5 Be6 13. Rc1 Rc8 14. Nxb4 a5
15. Nc6 Qd7 16. Nxa5 c5 17. Nc4 O-O 18. O-O d5 19. Ncxe5 dxe4 20. Nxd7 exf3
21. Nxf6+ {Black resigns} 1-0

[Event "ICC Open 2015"]
[Site "Internet Chess Club"]
[Date "2015.05.30"]
[Round "1"]
[White "safadi001"]
[Black "BlitzPawn94"]
[Result "0-1"]
[ICCResult "White resigns"]
[WhiteElo "1889"]
[BlackElo "2694"]
[Opening "Sicilian: Smith-Morra gambit"]
[ECO "B21"]
[NIC "SI.48"]
[Time "14:03:43"]
[TimeControl "180+0"]

1. e4 c5 2. d4 cxd4 3. c3 dxc3 4. Nxc3 Nc6 5. Nf3 e6 6. Bc4 a6 7. O-O Nge7
8. a4 Ng6 9. Qe2 d6 10. Rd1 Qc7 11. Be3 Be7 12. Rac1 O-O 13. Ba2 Qa5 14. h3
Qh5 15. Bb3 Nge5 16. Kh2 Nxf3+ 17. Qxf3 Qxf3 18. gxf3 Bd7 19. f4 Rac8 20.
Ba2 Nb4 21. Bb1 Bc6 22. f3 d5 23. f5 dxe4 24. fxe4 exf5 25. exf5 Rfd8 26.
Rg1 Bd6+ {White resigns} 0-1

[Event "ICC Open 2015"]
[Site "Internet Chess Club"]
[Date "2015.05.30"]
[Round "1"]
[White "Judge-Dread"]
[Black "RaiseTheCurve"]
[Result "0-1"]
[ICCResult "White resigns"]
[WhiteElo "1134"]
[BlackElo "1987"]
[Opening "Alekhine's defense: Maróczy variation"]
[ECO "B02"]
[NIC "AL.10"]
[Time "14:04:56"]
[TimeControl "180+0"]

1. e4 Nf6 2. d3 d5 3. Bg5 dxe4 4. Bxf6 exf6 5. d4 c5 6. Nc3 cxd4 7. Nxe4 Nc6
8. Bb5 Qa5+ 9. Nc3 dxc3 10. Bxc6+ bxc6 11. b3 Qe5+ 12. Ne2 Ba6 13. O-O Bxe2
14. Qc1 Bxf1 15. Kxf1 Be7 16. f4 Qb5+ 17. Kg1 Bc5+ 18. Kh1 O-O 19. Qd1 Rad8
20. Qg4 Bd4 21. h3 c5 22. a4 Qd7 23. Rd1 Qxg4 24. hxg4 Rfe8 {White resigns}
0-1

[Event "ICC Open 2015"]
[Site "Internet Chess Club"]
[Date "2015.05.30"]
[Round "1"]
[White "Federicov"]
[Black "Mastercito"]
[Result "1-0"]
[ICCResult "Black resigns"]
[WhiteElo "3107"]
[BlackElo "1961"]
[Opening "Scandinavian: Marshall variation"]
[ECO "B01"]
[NIC "SD.03"]
[Time "14:04:42"]
[TimeControl "180+0"]

1. e4 d5 2. exd5 Nf6 3. d4 Nxd5 4. Nf3 Nb6 5. c4 g6 6. Nc3 Bg7 7. a4 a5 8.
c5 N6d7 9. Bc4 O-O 10. O-O b6 11. Be3 Ba6 12. Bxa6 Nxa6 13. c6 Nf6 14. Ne5
Nb4 15. Re1 Nfd5 16. Bd2 Qd6 17. Ne4 Qd8 18. Ra3 Bxe5 19. dxe5 Nxc6 20. Bh6
Re8 21. Rd3 e6 22. Nf6+ Kh8 23. Bg5 Nce7 24. Rh3 Nxf6 25. Bxf6+ Kg8 26. Qc1
{Black resigns}
1-0

[Event "ICC Open 2015"]
[Site "Internet Chess Club"]
[Date "2015.05.30"]
[Round "1"]
[White "Bundestrainer"]
[Black "BlueGreen"]
[Result "1-0"]
[ICCResult "Black checkmated"]
[WhiteElo "1815"]
[BlackElo "2610"]
[Opening "Réti: King's Indian attack (Barcza system)"]
[ECO "A07"]
[NIC "RE.03"]
[Time "14:03:54"]
[TimeControl "180+0"]

1. g3 d5 2. Nf3 c6 3. Bg2 Nf6 4. c4 g6 5. b3 Bg7 6. Bb2 O-O 7. O-O Nbd7 8.
Nc3 e5 9. Qc2 e4 10. Nd4 a6 11. cxd5 c5 12. Nc6 bxc6 13. dxc6 Nb6 14. Nxe4
Nxe4 15. Bxe4 Bxb2 16. Qxb2 Qe7 17. d3 Be6 18. h4 Bd5 19. Bxd5 Nxd5 20. h5
Rac8 21. h6 Qf6 22. Qa3 Rxc6 23. e4 Nc3 24. Rae1 Rd8 25. e5 Qf3 26. Qb2 Rxd3
27. e6 Rxe6 28. Rxe6 fxe6 29. Re1 Ne4 30. Qg7# {Black checkmated} 1-0

[Event "ICC Open 2015"]
[Site "Internet Chess Club"]
[Date "2015.05.30"]
[Round "1"]
[White "Favarin"]
[Black "Bozhenka"]
[Result "0-1"]
[ICCResult "White resigns"]
[WhiteElo "1960"]
[BlackElo "3106"]
[Opening "Queen's pawn: London system"]
[ECO "A45"]
[NIC "QP.07"]
[Time "14:03:49"]
[TimeControl "180+0"]

1. d4 Nf6 2. Bf4 d6 3. Nc3 Nbd7 4. Qd2 e5 5. dxe5 dxe5 6. Bg3 c6 7. O-O-O
Qa5 8. e4 Bb4 9. f3 O-O 10. Nge2 Nb6 11. Qg5 Nc4 12. h4 h6 {White resigns}
0-1

[Event "ICC Open 2015"]
[Site "Internet Chess Club"]
[Date "2015.05.30"]
[Round "1"]
[White "HaraldEskilstu"]
[Black "Domenicoluigi"]
[Result "1-0"]
[ICCResult "Black resigns"]
[WhiteElo "2023"]
[BlackElo "1191"]
[Opening "Vienna game"]
[ECO "C25"]
[NIC "VG.04"]
[Time "14:04:25"]
[TimeControl "180+0"]

1. e4 e5 2. Nc3 Bc5 3. Bc4 Bxf2+ 4. Kxf2 Qh4+ 5. Kf1 Qf6+ 6. Qf3 Qxf3+ 7.
Nxf3 Nf6 8. d3 d6 9. Bg5 Ng4 10. h3 f6 11. Bd2 Nh6 12. Bxh6 gxh6 13. Kf2 Nc6
14. Rhf1 Nb4 15. Bb3 Bd7 16. Kg1 O-O-O 17. Nh4 b6 18. Rxf6 a5 19. a3 Na6 20.
Be6 Bxe6 21. Rxe6 Rhg8 22. Rxh6 Rg3 23. Kh2 Re3 24. Rf1 Kb7 25. Rf7 Nc5 26.
Rhxh7 Rc8 27. Nf5 Ne6 28. Nxe3 Nf4 29. Ned5 Nxd5 30. Nxd5 Ka6 31. Rxc7 Kb5
32. Rxc8 Ka4 {Black resigns} 1-0

[Event "ICC Open 2015"]
[Site "Internet Chess Club"]
[Date "2015.05.30"]
[Round "1"]
[White "ChessNakas"]
[Black "hubbard"]
[Result "1-0"]
[ICCResult "Black resigns"]
[WhiteElo "2100"]
[BlackElo "1393"]
[Opening "Queen's pawn game"]
[ECO "A45"]
[NIC "QP.07"]
[Time "14:04:21"]
[TimeControl "180+0"]

1. d4 Nf6 2. e3 d5 3. f4 g6 4. Nf3 Bg7 5. Bd3 O-O 6. O-O b6 7. Qe2 c5 8. c3
c4 9. Bc2 Bb7 10. Nbd2 Nc6 11. Ne5 Rc8 12. Qf3 Ne4 13. Nxe4 dxe4 14. Bxe4
Nxe5 15. fxe5 Bxe4 16. Qxe4 f5 17. Qf3 e6 18. e4 fxe4 19. Qxe4 Rxf1+ 20.
Kxf1 Qf8+ 21. Kg1 Rc7 22. Be3 Qf5 23. Qa8+ Kf7 24. Rf1 {Black resigns} 1-0

[Event "ICC Open 2015"]
[Site "Internet Chess Club"]
[Date "2015.05.30"]
[Round "1"]
[White "Pantani"]
[Black "Ira57"]
[Result "1/2-1/2"]
[ICCResult "Game drawn by repetition"]
[WhiteElo "2997"]
[BlackElo "1953"]
[Opening "French: Rubinstein variation"]
[ECO "C03"]
[NIC "FR.07"]
[Time "14:03:51"]
[TimeControl "180+0"]

1. e4 e6 2. d4 d5 3. Nd2 dxe4 4. Nxe4 Nd7 5. Nf3 Ngf6 6. Nxf6+ Nxf6 7. c3
Be7 8. Ne5 O-O 9. Be3 c5 10. dxc5 Qc7 11. Nd3 Rd8 12. Qf3 Nd5 13. Bd4 f6 14.
O-O-O e5 15. Be3 Be6 16. a3 Nxe3 17. Qxe3 Rac8 18. f4 Bb3 19. Re1 Bxc5 20.
Nxc5 Qxc5 21. Qxc5 Rxc5 22. fxe5 Rxe5 23. Be2 Rde8 24. Kd2 Rd8+ 25. Kc1 Rde8
26. Kd2 Rd8+ 27. Kc1 Rde8 28. Kd2 Rd8+ {Game drawn by repetition} 1/2-1/2

[Event "ICC Open 2015"]
[Site "Internet Chess Club"]
[Date "2015.05.30"]
[Round "1"]
[White "ShcherbinMatvei"]
[Black "DreamCrusher"]
[Result "1-0"]
[ICCResult "Black checkmated"]
[WhiteElo "2761"]
[BlackElo "1831"]
[Opening "Sicilian: Alapin's variation (2.c3)"]
[ECO "B22"]
[NIC "SI.46"]
[Time "14:03:41"]
[TimeControl "180+0"]

1. e4 c5 2. c3 e6 3. d4 cxd4 4. cxd4 d5 5. e5 Nc6 6. Nf3 Bd7 7. Nc3 f6 8.
Bd3 fxe5 9. Nxe5 Nxe5 10. dxe5 Ne7 11. O-O g6 12. Bg5 Bg7 13. f4 O-O 14. Kh1
Qe8 15. Rc1 a6 16. Ne2 b5 17. Nd4 Rc8 18. Qe2 Nc6 19. Nb3 h6 20. Bh4 Kh7 21.
Nc5 Qf7 22. Bxg6+ Kxg6 23. Qd3+ Qf5 24. Qxf5+ Rxf5 25. Nxd7 Rf7 26. Nc5 Nd8
27. Bxd8 Rxd8 28. Nxe6 Rdd7 29. Rc6 Kf5 30. h3 h5 31. Re1 d4 32. g3 d3 33.
Nxg7+ Rxg7 34. Rf6# {Black checkmated} 1-0

[Event "ICC Open 2015"]
[Site "Internet Chess Club"]
[Date "2015.05.30"]
[Round "1"]
[White "Mormegil"]
[Black "Crack-del29"]
[Result "0-1"]
[ICCResult "White checkmated"]
[WhiteElo "1662"]
[BlackElo "2358"]
[Opening "QGD: Ragozin variation"]
[ECO "D38"]
[NIC "NI.27"]
[Time "14:05:10"]
[TimeControl "180+0"]

1. d4 d5 2. Nf3 Nf6 3. c4 e6 4. Nc3 Bb4 5. cxd5 Nxd5 6. Bd2 Nf6 7. e3 O-O 8.
Bd3 c5 9. O-O Nc6 10. a3 cxd4 11. axb4 Nxb4 12. exd4 Nxd3 13. Qc2 Nb4 14.
Qb3 Nbd5 15. Rac1 Bd7 16. Bg5 Nxc3 17. bxc3 Bc6 18. Ne5 Qd5 19. Qd1 Qxg2#
{White checkmated}
0-1

[Event "ICC Open 2015"]
[Site "Internet Chess Club"]
[Date "2015.05.30"]
[Round "1"]
[White "jps7"]
[Black "legatus"]
[Result "0-1"]
[ICCResult "White resigns"]
[WhiteElo "1581"]
[BlackElo "2289"]
[Opening "Queen's pawn: Yusupov-Rubinstein system"]
[ECO "A46"]
[NIC "QP.06"]
[Time "14:04:05"]
[TimeControl "180+0"]

1. d4 Nf6 2. Nf3 e6 3. e3 b6 4. Bd3 Bb7 5. O-O Be7 6. Nbd2 O-O 7. b3 c5 8.
Bb2 d5 9. Ne5 Nc6 10. f4 Nb4 11. Be2 Rc8 12. a3 Nc6 13. Rf3 Ne4 14. Rh3 f6
15. Nxc6 Bxc6 16. Bd3 f5 17. Bxe4 fxe4 18. Qh5 h6 19. Rg3 Kh8 20. dxc5 Bf6
21. Bxf6 Qxf6 22. Rf1 bxc5 23. Rg6 Qf7 24. c4 Be8 25. Qg4 Qxg6 26. Qe2 Bc6
27. g3 d4 28. exd4 cxd4 29. Re1 e3 30. Nf3 Qe4 31. Rf1 d3 32. Qg2 e2 33. Re1
Qxf3 34. Qxf3 Bxf3 35. Kf2 d2 {White resigns} 0-1